 Dungeon Sprint DCSS version 0.30-a0-1043-g60ff8d5f49 (webtiles) character file.

Game seed: 11100990726347454787

54 dduke234 the Warrior (level 8, -2/107 HPs)
             Began as an Ogre Chaos Knight on Apr 10, 2023.
             Was a Plaything of Xom.
             Slain by a fire bat (12 damage)
             ... in the Dungeon (Sprint VI: "Thunderdome").
             The game lasted 00:05:08 (444 turns).

dduke234 the Warrior (Ogre Chaos Knight)             Turns: 444, Time: 00:05:09

Health: -2/107     AC:  5    Str: 25    XL:     8   Next: 40%
Magic:  8/8        EV: 11    Int: 13    God:    Xom [..*...]
Gold:   100        SH:  0    Dex:  8    Spells: 7/7 levels left

rFire   x . .      SeeInvis +    a - +0 spear (chaos)
rCold   + . .      Faith    .    (no shield)
rNeg    + . .      Spirit   .    b - +2 robe
rPois   +          Reflect  .    (helmet restricted)
rElec   .          Rampage  .    (no cloak)
rCorr   .          NoTele   +    (gloves unavailable)
Will    .....                    (boots unavailable)
Stlth   ++                       (no amulet)
HPRegen 0.37/turn                h - ring of Surexzacw {rPois rN+ Will+ Str+6}
MPRegen 0.11/turn                n - ring of Lunoawarr {Ice rPois Will- Slay+2 SInv Stlth+}

@: no status effects
A: large, unfitting armour, tough skin 1
a: Renounce Religion


You were in the Dungeon.
You worshipped Xom.
You were a toy of Xom.
You visited 1 branch You collected 280 gold pieces.
You spent 180 gold pieces at shops.

Inventory:

Hand Weapons
 a - a +0 spear of chaos (weapon)
Armour
 b - a +2 robe (worn)
Jewellery
 h - the ring of Surexzacw (left hand) {rPois rN+ Will+ Str+6}
   (You bought it in a shop in the Dungeon)

   [ring of willpower]

   Str:       It affects your strength (+6).
   rPois:     It protects you from poison.
   rN:        It protects you from negative energy.
   Will:      It increases your willpower.
 n - the ring of Lunoawarr (right hand) {Ice rPois Will- Slay+2 SInv Stlth+}
   (You bought it in a shop in the Dungeon)

   [ring of ice]

   It enhances your ice magic.
   Slay:      It affects your accuracy & damage with ranged weapons and melee
   (+2).
   rF:        It makes you vulnerable to fire.
   rC:        It protects you from cold.
   rPois:     It protects you from poison.
   SInv:      It lets you see invisible.
   Will:      It decreases your willpower.
   Stlth:     It makes you more stealthy.
Wands
 k - a wand of light (5)
 l - a wand of iceblast (2)
Scrolls
 i - 4 scrolls of blinking
 m - 3 scrolls of fog
Potions
 d - a potion of curing
 f - 4 potions of haste
 g - 2 potions of magic
Miscellaneous
 c - a piece from Xom's chessboard (15/15) (quivered)


   Skills:
 + Level 15.1 Fighting
 + Level 11.8 Polearms
 + Level 7.6 Dodging
 + Level 1.1 Stealth
 + Level 0.1 Evocations


You had 7 spell levels left.
You didn't know any spells.
Your spell library was empty.

Dungeon Overview and Level Annotations

Branches:
Dungeon (1/1)

Altars:
Fedhas
Gozag
Kikubaaqudgha
Makhleb
Okawaru
Ru
Sif Muna
Trog
Uskayaw
Wu Jian
Xom
Zin
The Shining One

Shops:
D *[???:(


Innate Abilities, Weirdness & Mutations

You are too large for most types of armour.
You have tough skin. (AC +1)


Message History

Press: ? - help, Dir - move target, f - you
Okay, then.
Aiming: Iceblast
Press: ? - help, Shift-Dir - straight line
Okay, then.
Reach: a) +0 spear (chaos)
Press: ? - help, Dir - move target, f - you
Okay, then.
Aiming: Iceblast
Press: ? - help, Shift-Dir - straight line, f - fire bat
Aim: a fire bat The mass of ice explodes!
The iceblast engulfs the fire bat!!
The fire bat is frozen!
The fire bat is almost dead. 50...
You puncture the fire bat!
You kill the fire bat!
Your Fighting skill increases to level 15!
A fire bat is nearby!
A fire bat is nearby!
You puncture the fire bat!
The fire bat is heavily wounded.
The fire bat bites you.
* * * LOW HITPOINT WARNING * * *
You are engulfed in flames!
The fire burns you terribly!
* * * LOW HITPOINT WARNING * * *
Reach: a) +0 spear (chaos)
Press: ? - help, Dir - move target, f - fire bat
Aim: a fire bat (heavily wounded, about 39% to evade your +0 spear of chaos)
Okay, then.
Reach: a) +0 spear (chaos)
Press: ? - help, Dir - move target, f - fire bat
Aim: a fire bat (heavily wounded, about 39% to evade your +0 spear of chaos)
Okay, then.
The fire bat attacks as you move away! The fire bat barely misses you.
The fire bat bites you.
* * * LOW HITPOINT WARNING * * *
You are engulfed in flames!
The fire burns you terribly!
You die...
Xom laughs nastily!

#_†......_# #_......._#
#_........#
###.........###
#⌠...........⌠#
######.8.........8.###
##.___÷.....###......__
###∩........8.# #.8......
##.......b@....###........
#⌠..........###...###.....
#⌠..........# #.<.# ...
#⌠..........###...# .
##.............###......
###∩........8.# .8....
##∩__.......# ......
######.8.........8.#
#⌠...........⌠#


You could see a fire bat.

Vanquished Creatures
  3 fire bats (D)
  A fire elemental (D)
  A water moccasin (D)
  9 scorpions (D)
  A giant cockroach (D)
15 creatures vanquished.

Notes
Turn   | Place    | Note
-------+----------+-------------------------------------------
     0 | D        | dduke234 the Ogre Chaos Knight began the quest for the Orb.
     0 | D        | Reached XP level 1. HP: 24/24 MP: 1/1
     3 | D        | Found an iron altar of Okawaru.
     4 | D        | Found a bloodstained altar of Trog.
     4 | D        | Found a shimmering altar of Xom.
     5 | D        | Round 1.
     7 | D        | Noticed a scorpion
     7 | D        | Found an ornate altar of the Wu Jian Council.
     7 | D        | Found a hide-covered altar of Uskayaw.
     8 | D        | Found an opulent altar of Gozag.
     8 | D        | Found a burning altar of Makhleb.
    13 | D        | Killed a scorpion
    14 | D        | Reached skill level 7 in Fighting
    14 | D        | Reached skill level 5 in Polearms
    14 | D        | Reached XP level 2. HP: 40/40 MP: 2/2
    14 | D        | Reached XP level 3. HP: 46/46 MP: 3/3
    14 | D        | Reached XP level 4. HP: 55/55 MP: 4/4
    16 | D        | Noticed a scorpion
    17 | D        | Found an ancient bone altar of Kikubaaqudgha.
    17 | D        | Found a shimmering blue altar of Sif Muna.
    18 | D        | Found Rosahytt's Magic Scroll Shop.
    18 | D        | Found Rieb's Staff Store.
    19 | D        | Found Dibed's Magic Scroll Shop.
    19 | D        | Found Zoxy's Must-Have Magic.
    23 | D        | Killed a scorpion
    24 | D        | Reached skill level 8 in Fighting
    24 | D        | Reached XP level 5. HP: 47/66 MP: 5/5
    39 | D        | Reached skill level 10 in Fighting
    64 | D        | Arena points: 12 (+12) [x2]
    65 | D        | Reached skill level 5 in Dodging
    65 | D        | Reached XP level 6. HP: 41/79 MP: 6/6
    78 | D        | Found a blossoming altar of Fedhas.
    79 | D        | Found a glowing golden altar of the Shining One.
    79 | D        | Found Puown's Identification Station.
    80 | D        | Found Uczegann's Jewellery.
    80 | D        | Found Pik Joq's Advanced Armour.
    93 | D        | Bought an ancient wooden ring for 45 gold pieces
    93 | D        | Identified the ring of Surexzacw {rPois rN+ Will+ Str+6}
                  | (You bought it in a shop in the Dungeon)
    93 | D        | Bought an ancient granite ring for 45 gold pieces
    93 | D        | Identified the ring of Lunoawarr {Ice rPois Will- Slay+2
                  | SInv Stlth+} (You bought it in a shop in the Dungeon)
    93 | D        | Bought a brightly glowing silver amulet for 45 gold pieces
    93 | D        | Identified the amulet "Qoitesom" {Spirit rN+ Int+3} (You
                  | bought it in a shop in the Dungeon)
    96 | D        | Bought a translucent ruby amulet for 45 gold pieces
    96 | D        | Identified the amulet of the Firefly {Spirit +Inv Str-3
                  | Int+2} (You bought it in a shop in the Dungeon)
   118 | D        | Round 2.
   158 | D        | Reached skill level 11 in Fighting
   158 | D        | Noticed a water moccasin
   166 | D        | Killed a water moccasin
   167 | D        | Reached skill level 12 in Fighting
   172 | D        | Reached XP level 7. HP: 74/92 MP: 7/7
   214 | D        | XOM: potion effect (might)
   216 | D        | Reached skill level 10 in Polearms
   217 | D        | Reached skill level 13 in Fighting
   219 | D        | Arena points: 54 (+42) [x3]
   273 | D        | Found a sacrificial altar of Ru.
   274 | D        | Found a glowing silver altar of Zin.
   284 | D        | Round 3.
   285 | D        | Noticed a fire bat
   289 | D        | Killed a fire bat
   290 | D        | Reached skill level 14 in Fighting
   326 | D        | Noticed a fire elemental
   331 | D        | XOM: potion effect (haste)
   345 | D        | HP: 3/96 [fire elemental (8)]
   346 | D        | Killed a fire elemental
   347 | D        | Reached skill level 1 in Stealth
   347 | D        | Reached XP level 8. HP: 3/106 MP: 8/8
   421 | D        | Reached skill level 15 in Fighting
   444 | D        | Slain by a fire bat

Illustrated notes

Levels and vault maps discovered:
D:        arena_sprint

Skill      XL: |  1  2  3  4  5  6  7  8 |
---------------+-------------------------+-----
Fighting       | 7 8 10 12 14 15 | 15.1
Polearms       | 5 6 8 9 11 | 11.8
Dodging        | 3 4 5 6 7 |  7.6
Stealth        | 1 |  1.1
Evocations     | |  0.1

Action                     |  1- 3 |  4- 6 |  7- 9 || total
---------------------------+-------+-------+-------++-------
  Melee: Spear             |     4 |    38 |    32 ||    74
         Punch             |       |     1 |       ||     1
  Evoke: Wand              |       |       |     3 ||     3
    Use: Potion            |     1 |     1 |     4 ||     6
   Stab: Confused          |       |     1 |       ||     1
 Armour: Robe              |     1 |     4 |    15 ||    20
  Dodge: Dodged            |       |    11 |     9 ||    20

Table legend: (Time is in decaauts)
 A = Elapsed time spent in this place.
 B = Non-inter-level travel time spent in this place.
 C = Inter-level travel time spent in this place.
 D = Time resting spent in this place.
 E = Time spent auto-exploring this place.
 F = Levels seen in this place.
 G = Mean time per level.
                   A        B        C        D        E       F      G
               +--------+--------+--------+--------+--------+-----+--------+
         Total |    406 |    404 |      2 |      0 |    196 |   1 |  406.0 |
       Dungeon |    406 |    404 |      2 |      0 |    196 |   1 |  406.0 |
               +--------+--------+--------+--------+--------+-----+--------+

Top non-repeatable levels by time:
       D: 406 daAuts
